 Dungeon Crawl Stone Soup version 0.29.1-1-gd02db6906a (webtiles) character file.

Game seed: 8018014466934813572

56 xian the Trooper (level 3, 0/29 HPs)
             Began as a Vampire Fighter on Oct 1, 2022.
             Killed by divine providence
             ... invoked by an orc priest
              (12 damage)
             ... on level 3 of the Dungeon on Oct 2, 2022.
             The game lasted 00:03:40 (1411 turns).

xian the Trooper (Vampire Fighter)                  Turns: 1411, Time: 00:03:40

Health: 0/29       AC:  6    Str: 17    XL:     3   Next: 69%
Magic:  3/3        EV:  9    Int: 10    God:
Gold:   150        SH:  4    Dex: 13    Spells: 2/2 levels left

rFire   . . .      SeeInvis +   a - +0 long sword
rCold   . . .      Faith    .   c - +0 buckler
rNeg    . . .      Spirit   .   b - +0 scale mail
rPois   .          Reflect  .   (no helmet)
rElec   .          Harm     .   (no cloak)
rCorr   .          Rampage  .   (no gloves)
Will    .....                   (no boots)
Stlth   ..........              (no amulet)
HPRegen 0.29/turn               (no ring)
MPRegen 0.08/turn               (no ring)

@: healing quickly
A: alive, fangs 3, see invisible, vampiric 2
a: Exsanguinate


You were on level 3 of the Dungeon.
You visited 1 branch of the dungeon, and saw 3 of its levels.

You collected 150 gold pieces.

Inventory:

Hand Weapons
 a - a +0 long sword (weapon)
Missiles
 f - 6 stones (quivered)
Armour
 b - a +0 scale mail (worn)
 c - a +0 buckler (worn)
Scrolls
 e - a scroll of teleportation {unknown}
 g - 2 scrolls of identify {unknown}
 h - a scroll of amnesia {unknown}
 i - a scroll of silence {unknown}
 j - a scroll of fear {unknown}
 l - a scroll of blinking {unknown}
 m - a scroll of summoning {unknown}
 p - a scroll of acquirement {unknown}
Potions
 d - a potion of might
 k - a potion of heal wounds {unknown}
 n - a potion of curing {unknown}
 o - a potion of lignification {unknown}


   Skills:
 + Level 3.0 Fighting
 + Level 2.9 Long Blades
 + Level 2.8 Armour
 + Level 0.6 Dodging
 + Level 2.9 Shields


You had 2 spell levels left.
You didn't know any spells.
Your spell library contained the following spells:

 Spells                   Type           Power      Damage    Failure   Level
 Ozocubu's Armour         Ice            0%         N/A       99%         3
 Metabolic Englaciation   Hex/Ice        0%         N/A       100%        5
 Simulacrum               Ice/Necr       0%         N/A       100%        6


Dungeon Overview and Level Annotations

Branches:
Dungeon (3/15)

Altars:


Innate Abilities, Weirdness & Mutations

Your natural rate of healing is accelerated.
You have razor-sharp teeth.
You have supernaturally acute eyesight. (SInv)
You are afflicted with vampirism and can become a bat while bloodless.


Message History

You throw a stone. The stone hits the goblin.
The goblin is moderately wounded.
You miss the goblin.
The goblin is moderately wounded.
The goblin hits you but does no damage.
You hit the goblin but do no damage.
The goblin is moderately wounded.
The goblin hits you but does no damage. x2
You slash the goblin!
You kill the goblin!
Things that are here:
a +0 dagger; a goblin corpse A ball python comes into view.
The ball python hisses angrily.
You throw a stone. The stone hits the ball python.
The ball python is moderately wounded.
The ball python bites you but does no damage.
The ball python closely misses you. The ball python bites you.
You block the ball python's attack.
You closely miss the ball python.
The ball python is moderately wounded.
You block the ball python's attack. The ball python grabs you.
The ball python constricts you.
You hit the ball python.
You kill the ball python!
Found 5 stones.
An orc and an orc priest come into view.
The orc priest shouts!
You hear a shout!
You see here 5 stones.
f - 7 stones (gained 5)
An orc comes into view. It is wielding a +0 hand axe.
The orc priest invokes the aid of Beogh against you.
Beogh smites you!
You throw a stone.
The stone hits the orc but does no damage.
The orc priest invokes the aid of Beogh against you.
Pain shoots through your body!
The orc priest calls down the wrath of Beogh upon you.
Beogh smites you!
You die...

..# ..# ..# ###### ..# .
#....# .. #......#
...#....#####.# #....#.##
....o.......#.#####........
....o.o....................
.###....##@...............
#....##.#..#####..#..#
#....##....## #..#..##.
#....##.#...####).......
#....##.#.......)....#..
#.............###.##.#
#....##.#..#...##.# #
'.....##..##.# .# .
..##.#..##..##.##.#..


You could see an orc priest and 2 orcs.

Vanquished Creatures
  2 dart slugs
  6 ball pythons
  4 endoplasms (D:1)
  A giant cockroach (D:2)
  5 goblins
  6 hobgoblins
  3 jackals (D:1)
  5 kobolds
  4 bats
  5 frilled lizards
  5 rats
46 creatures vanquished.

Notes
Turn   | Place    | Note
-------+----------+-------------------------------------------
     0 | D:1      | xian the Vampire Fighter began the quest for the Orb.
     0 | D:1      | Reached XP level 1. HP: 17/17 MP: 1/1
   118 | D:1      | Reached XP level 2. HP: 23/23 MP: 2/2
   220 | D:1      | Reached skill level 3 in Fighting
   365 | D:1      | Gained mutation: You are afflicted with vampirism and can
                  | become a bat while bloodless. [Vampire growth]
   365 | D:1      | Reached XP level 3. HP: 23/29 MP: 3/3
  1411 | D:3      | Killed from afar by an orc priest

Illustrated notes

Levels and vault maps discovered:
D:1:      shiori_arrival_maze, layout_rooms
D:2:      layout_loops_ring, grunt_decor_cap
D:3:      layout_basic, serial_shops, nicolae_shop_behind_doors

Skill      XL: |  1  2 |
---------------+-------+-----
Fighting       | 3 |  3.0
Long Blades    | |  2.9
Armour         | |  2.8
Dodging        | |  0.6
Shields        | |  2.9

Action                   || total
-------------------------++-------
Melee: Long sword        ||   109
       Bite              ||     9
Throw: Stone             ||    38
Armor: Scale mail        ||    63
Dodge: Dodged            ||    53
Block: Buckler           ||    30
